 Dungeon Crawl Stone Soup version 0.24.0-1-gfbc8707122 (webtiles) character file.

Game seed: 12722076679538263866, levelgen mode: deterministic

8657 Mrkan the Cleaver (level 11, 0/99 HPs)
             Began as a Minotaur Fighter on Oct 28, 2019.
             Was an Initiate of Gozag.
             Slain by a nine-headed hydra (6 damage)
             ... on level 11 of the Dungeon.
             The game lasted 00:17:42 (9412 turns).

Mrkan the Cleaver (Minotaur Fighter)                Turns: 9412, Time: 00:17:44

Health: 0/99       AC: 17    Str: 22    XL:     11   Next: 12%
Magic:  10/10      EV:  7    Int:  5    God:    Gozag
Gold:   1955       SH: 16    Dex: 12    Spells: 10/10 levels left

rFire    . . .     SeeInvis +   k - +6 broad axe (venom)
rCold    + . .     Gourm    .   c - +1 shield
rNeg     . . .     Faith    .   h - +0 chain mail
rPois    +         Spirit   .   (helmet restricted)
rElec    .         Reflect  +   y - +2 cloak {rPois}
rCorr    .         Harm     .   S - +0 pair of gloves
MR       .....                  z - +0 pair of boots
Stlth    ..........             t - +3 amulet of reflection
HPRegen  0.26/turn              q - ring of see invisible
MPRegen  0.12/turn              B - ring of protection from cold

@: no status effects
A: retaliatory headbutt, horns 2
a: Potion Petition, Call Merchant, Bribe Branch, Renounce Religion


You were on level 11 of the Dungeon.
You worshipped Gozag.
Gozag was most pleased with you.
You were near starving.

You visited 2 branches of the dungeon, and saw 12 of its levels.
You also visited: Ossuary.

You collected 2078 gold pieces.
You paid 123 gold pieces to Gozag.

Inventory:

Hand Weapons
 k - a +6 broad axe of venom (weapon)
Missiles
 b - 320 stones (quivered)
 r - 38 poisoned darts
 G - 9 boomerangs of dispersal
Armour
 c - a +1 shield (worn)
 h - a +0 chain mail (worn)
 y - a +2 cloak of poison resistance (worn)
 z - a +0 pair of boots (worn)
 S - a +0 pair of gloves (worn)
Jewellery
 a - an uncursed amulet of magic regeneration {unknown}
 n - an uncursed ring of flight
 q - a ring of see invisible (left hand)
 t - a +3 amulet of reflection (around neck)
 B - a ring of protection from cold (right hand)
Wands
 l - a wand of iceblast (16)
 u - a wand of polymorph (5)
 Q - a wand of acid (11)
Scrolls
 i - 3 scrolls of immolation
 m - 3 scrolls of teleportation
 o - 5 scrolls of remove curse
 s - 2 scrolls of identify
 v - a scroll of fear
 w - 3 scrolls of magic mapping
 F - 2 scrolls of enchant armour
 O - 2 scrolls of noise
Potions
 d - 2 potions of might
 e - a potion of mutation {unknown}
 g - 5 potions of flight
 j - 2 potions of berserk rage
 p - 9 potions of curing
 C - a potion of cancellation
 D - 5 potions of heal wounds
 E - 4 potions of lignification
 I - 4 potions of magic
 J - 3 potions of agility
 M - a potion of invisibility {unknown}
 N - a potion of haste {unknown}
 P - a potion of brilliance {unknown}
Comestibles
 f - 14 rations


   Skills:
 + Level 10.0 Fighting
 + Level 12.0 Axes
 + Level 10.0 Armour
 * Level 11.1 Shields


You had 10 spell levels left.
You didn't know any spells.
Your spell library contained the following spells:

 Spells                   Type           Power        Failure   Level  Hunger
 Confusing Touch          Hex            #.....       99%         1    ##.....
 Confuse                  Hex            #.......     100%        3    ####...
 Gell's Gravitas          Tloc           #.........   100%        3    ####...
 Petrify                  Tmut/Erth      #.......     100%        4    #####..
 Metabolic Englaciation   Hex/Ice        #.........   100%        5    ######.
 Yara's Violent Unravell  Hex/Tmut       #.........   100%        5    ######.


Dungeon Overview and Level Annotations

Branches:
Dungeon (11/15)            Temple (1/1) D:4             Orc (0/2) D:9
Ossuary (visited)
   Lair: D:8-11

Altars:
Ashenzari
Cheibriados
Dithmenos
Elyvilon
Fedhas
Gozag
Hepliaklqana
Kikubaaqudgha
Makhleb
Nemelex Xobeh
Okawaru
Qazlal
Ru
Sif Muna
Trog
Uskayaw
Vehumet
Wu Jian
Xom
Yredelemnul
Zin
The Shining One
Beogh


Innate Abilities, Weirdness & Mutations

You reflexively headbutt those who attack you in melee.
You have a pair of horns on your head.


Message History

* * * LOW HITPOINT WARNING * * *
The nine-headed hydra barely misses you.
The nine-headed hydra bites you but does no damage.
The hungry ghost hits you.
You are near starving!
There is a stone staircase leading up here.
You block the nine-headed hydra's attack.
The nine-headed hydra bites you!
* * * LOW HITPOINT WARNING * * *
The nine-headed hydra bites you but does no damage.
You block the nine-headed hydra's attack.
The nine-headed hydra bites you but does no damage.
You block the nine-headed hydra's attack.
The nine-headed hydra bites you.
* * * LOW HITPOINT WARNING * * *
The nine-headed hydra bites you.
* * * LOW HITPOINT WARNING * * *
The nine-headed hydra bites you.
You die...
Your body crumbles into a pile of gold.

##+##.# #.#
#.....# ..###
#.....+ ....#
.....# ....#
#...# ....#
##..###....#
#....W.....#
#..D##.....#
#...@#.....#
#.#..#.....#
#.#..#.......
#
...#.....#.#
##..#.#.### #
........ ##..
#..


You could see a nine-headed hydra.

Vanquished Creatures
  Harold (D:7)
  A hydra (D:9)
  A two-headed ogre (D:9)
  Pikel (D:5)
  A gargoyle (D:10)
  A komodo dragon (D:10)
  2 dream sheep (D:9)
  Sigmund (D:5)
  2 yaks (D:9)
  A wraith (D:10)
  2 hungry ghosts
  Menkaure (D:6)
  A soldier ant (D:10)
  Duvessa (D:6)
  6 orc warriors
  2 ice beasts
  3 sky beasts
  A black bear (D:7)
  4 ogres
  4 centaurs
  4 big kobolds
  5 bullfrogs
  Dowan (D:6)
  3 scorpions
  A howler monkey (D:8)
  A quasit (D:6)
  2 centaur zombies (D:5)
  3 hounds
  2 jellies
  Crazy Yiuf (D:3)
  5 orc priests
  6 orc wizards
  4 bullfrog skeletons
  Jessica (D:2)
  2 iguanas
  4 worker ants
  Natasha (thrice) (D:2)
  A hound zombie (D:4)
  2 hound skeletons (D:5)
  4 mummies
  A howler monkey zombie (D:5)
  A worker ant zombie (D:5)
  8 gnolls
  13 adders
  A howler monkey skeleton (D:9)
  A shadow imp (D:5)
  An ooze (D:7)
  An adder skeleton (D:8)
  2 adder zombies
  4 worms
  A dart slug (D:4)
  9 leopard geckos
  31 orcs
  9 giant cockroaches
  6 goblins
  8 hobgoblins
  6 jackals
  5 quokkas
  A ball python (D:6)
  6 bats
  4 frilled lizards
  5 goblin zombies
  3 hobgoblin zombies
  A jackal zombie (D:5)
  9 kobolds
  4 kobold zombies (Ossuary)
  2 leopard gecko skeletons (D:4)
  4 quokka zombies (Ossuary)
  10 rats
  3 rat zombies (Ossuary)
252 creatures vanquished.

Vanquished Creatures (others)
  A centaur (D:10)
  An orc wizard (D:10)
  A kobold (D:10)
  A leopard gecko skeleton (D:5)
4 creatures vanquished.

Grand Total: 256 creatures vanquished

Notes
Turn   | Place    | Note
-------+----------+-------------------------------------------
     0 | D:1      | Mrkan the Minotaur Fighter began the quest for the Orb.
     0 | D:1      | Reached XP level 1. HP: 19/19 MP: 0/0
   165 | D:1      | Reached XP level 2. HP: 26/27 MP: 1/1
   217 | D:1      | Reached skill level 3 in Axes
   615 | D:2      | Reached XP level 3. HP: 24/33 MP: 2/2
   695 | D:2      | Noticed Jessica
   696 | D:2      | Found an ancient bone altar of Kikubaaqudgha.
   698 | D:2      | Killed Jessica
   698 | D:2      | Reached XP level 4. HP: 30/40 MP: 3/3
   769 | D:2      | Noticed Natasha
   778 | D:2      | Killed Natasha
   778 | D:2      | Reached skill level 4 in Axes
   813 | D:2      | Noticed Natasha
   831 | D:2      | Killed Natasha
  1028 | D:2      | Reached XP level 5. HP: 28/47 MP: 4/4
  1399 | D:2      | Noticed Natasha
  1403 | D:2      | Killed Natasha
  1743 | D:3      | Reached skill level 5 in Axes
  1761 | D:3      | Found a faded altar of an unknown god.
  2347 | D:3      | Found a runed translucent door.
  2348 | D:3      | Noticed Crazy Yiuf
  2357 | D:3      | Killed Crazy Yiuf
  2357 | D:3      | Reached XP level 6. HP: 54/55 MP: 5/5
  2534 | D:3      | Reached skill level 5 in Fighting
  2534 | D:3      | Reached skill level 5 in Armour
  2534 | D:3      | Reached skill level 5 in Shields
  3051 | D:4      | Found a staircase to the Ecumenical Temple.
  3081 | Temple   | Entered the Ecumenical Temple
  3230 | Temple   | Became a worshipper of Gozag Ym Sagoz the Greedy
  3351 | D:4      | Found a roughly hewn altar of Beogh.
  3370 | D:4      | Reached skill level 6 in Axes
  3490 | D:5      | Entered Level 5 of the Dungeon
  3555 | D:5      | Reached XP level 7. HP: 61/61 MP: 6/6
  3679 | D:5      | Noticed Sigmund
  3690 | D:5      | Killed Sigmund
  3705 | D:5      | Noticed Pikel
  3737 | D:5      | Killed Pikel
  3737 | D:5      | Reached skill level 7 in Axes
  3737 | D:5      | Reached XP level 8. HP: 40/71 MP: 7/7
  3914 | D:5      | Reached skill level 8 in Axes
  4712 | D:6      | Noticed Menkaure
  4718 | D:6      | Killed Menkaure
  4931 | D:6      | Reached skill level 9 in Axes
  5082 | D:6      | Noticed Duvessa
  5084 | D:6      | Noticed Dowan
  5092 | D:6      | Killed Duvessa
  5099 | D:6      | Killed Dowan
  5099 | D:6      | Reached XP level 9. HP: 78/79 MP: 8/8
  5767 | D:7      | Noticed Harold
  5788 | D:7      | Killed Harold
  5788 | D:7      | Reached skill level 10 in Axes
  5946 | D:7      | Found a sand-covered staircase.
  5960 | Ossuary  | Entered an ossuary
  6743 | D:8      | Reached skill level 11 in Axes
  6796 | D:8      | Reached XP level 10. HP: 72/90 MP: 9/9
  7365 | D:9      | Identified a scroll of acquirement
  7441 | D:9      | Noticed a three-headed hydra
  7445 | D:9      | Killed a five-headed hydra
  7709 | D:9      | Reached skill level 10 in Shields
  7765 | D:9      | Found a staircase to the Orcish Mines.
  7971 | D:9      | Noticed a two-headed ogre
  7981 | D:9      | Killed a two-headed ogre
  8352 | D:10     | Entered Level 10 of the Dungeon
  8714 | D:10     | Noticed a gargoyle
  8721 | D:10     | Killed a gargoyle
  8721 | D:10     | Reached XP level 11. HP: 87/99 MP: 10/10
  8996 | D:10     | Reached skill level 12 in Axes
  9017 | D:10     | Reached skill level 10 in Fighting
  9073 | D:10     | Reached skill level 10 in Armour
  9401 | D:11     | Noticed a five-headed hydra
  9401 | D:11     | Noticed a two-headed ogre
  9412 | D:11     | Slain by a nine-headed hydra

Levels and vault maps discovered:
D:1:      dpeg_arrival_snail, layout_basic, minmay_box_of_dots
D:2:      layout_rooms, kiku_gazebo_garden_becter, first_ration, uniq_natasha,
          uniq_jessica
D:3:      layout_loops_ring, chequers_ecumenical_altar_simple,
          lightli_corner_chamber, uniq_crazy_yiuf_cottage
D:4:      layout_loops_cross, minmay_temple_entry_antechambers,
          kennysheep_orc_chapel
D:5:      layout_loops_corners, serial_undead, serial_undead_b, serial_undead_d,
          serial_undead_e, serial_undead_a, chequers_arboretum, uniq_sigmund,
          uniq_pikel
D:6:      layout_loops_ring, minivault_1, minivault_27, uniq_menkaure,
          uniq_duvessa
D:7:      layout_rooms, nicolae_ossuary_entry_giza, uniq_harold
D:8:      layout_cave_pods
D:9:      layout_roguey, orc_0_dummy, serial_rivers,
          chequers_serial_rivers_micro_e, chequers_serial_rivers_large_a,
          chequers_serial_rivers_large_b, chequers_serial_rivers_marsh,
          chequers_serial_rivers_marsh, chequers_serial_rivers_small_3,
          hangedman_ranch [blue_anna_fruit_fields]
D:10:     layout_stronghold
D:11:     layout_basic, lair_entry_dummy, nicolae_trove_entry_diagonal
Temple:   minmay_crystal_snake_temple

Skill      XL: |  1  2  3  4  5  6  7  8  9 10 11 |
---------------+----------------------------------+-----
Axes           | 3 4 5 6 7 9 11 12 | 12.0
Armour         | 4 5 6 7 8 9 10 | 10.0
Fighting       | 4 5 6 7 8 9 10 | 10.0
Shields        | 4 5 6 7 8 10 11 | 11.1

Action                   |  1- 3 |  4- 6 |  7- 9 | 10-12 || total
-------------------------+-------+-------+-------+-------++-------
Melee: War axe           |    77 |   152 |   344 |    26 ||   599
       Headbutt          |     8 |    31 |    64 |    28 ||   131
       Unarmed           |       |     1 |       |       ||     1
       Broad axe         |       |       |       |   136 ||   136
  Use: Potion            |       |     1 |       |       ||     1
       Scroll            |       |       |       |    26 ||    26
  Eat: Chunk             |       |     7 |       |       ||     7
       Ration            |       |     1 |     3 |     4 ||     8
Armor: Chain mail        |    60 |    64 |   136 |    70 ||   330
       Skin              |       |     4 |       |       ||     4
Dodge: Dodged            |    14 |    38 |    68 |    30 ||   150
Block: Shield            |    41 |    84 |   152 |   139 ||   416
       Reflection        |       |       |       |    10 ||    10
